 Dungeon Crawl Stone Soup version 0.30.0-29-ga12c61a403 (webtiles) character file.

Game seed: 9222473061980038946

804 ChiefBigBeans the Poker (level 7, -3/55 HPs)
             Began as a Demonspawn Gladiator on June 20, 2023.
             Was an Initiate of Yredelemnul.
             Slain by a two-headed ogre
             ... wielding a +0 great mace
              (17 damage)
             ... on level 5 of the Dungeon.
             The game lasted 00:17:55 (4478 turns).

ChiefBigBeans the Poker (Demonspawn Gladiator)      Turns: 4478, Time: 00:17:56

Health: -3/55      AC: 19    Str: 17    XL:     7   Next: 60%
Magic:  7/7        EV:  8    Int:  9    God:    Yredelemnul [......]
Gold:   128        SH:  0    Dex: 14    Spells: 6/6 levels left

rFire   . . .        a - +2 trident (freeze)
rCold   . . .        (no shield)
rNeg    . . .        h - +0 storm dragon scales
rPois   .            c - +1 helmet
rElec   +            (no cloak)
rCorr   .            (no gloves)
SInv    .            (no boots)
Will    .....        (no amulet) Stlth
                     f - ring of flight
HPRegen 0.29/turn    (no ring)
MPRegen 0.10/turn

%: no passive effects
@: mighty, sanguine armoured, flying, hasted, very quick
A: powered by pain 1, sanguine armour 1, demonic touch 1
a: Renounce Religion, Recall Undead Harvest


You were on level 5 of the Dungeon.
You worshipped Yredelemnul.
Yredelemnul was noncommittal.
You visited 1 branch of the dungeon, and saw 5 of its levels.

You collected 313 gold pieces.
You spent 185 gold pieces at shops.

Inventory:

Hand Weapons
 a - a +2 trident of freezing (weapon)
Missiles
 d - 2 throwing nets (quivered)
 e - a javelin
Armour
 b - a +0 leather armour
 c - a +1 helmet (worn)
 h - +0 storm dragon scales (worn)
 j - a +0 chain mail
Jewellery
 f - a ring of flight (left hand)


   Skills:
 + Level 4.6 Fighting
 + Level 4.7 Polearms
 - Level 1.9 Throwing
 + Level 3.6 Armour
 + Level 4.6 Dodging


You had 6 spell levels left.
You didn't know any spells.
Your spell library contained the following spells:

 Spells                   Type           Power      Damage    Failure   Level
 Lesser Beckoning         Tloc           0%         N/A       100%        2
 Sublimation of Blood     Necr           0%         N/A       100%        2
 Gell's Gravitas          Tloc           0%         N/A       100%        3
 Stone Arrow              Conj/Erth      0%         3d7       100%        3
 Teleport Other           Tloc           0%         N/A       100%        3
 Animate Armour           Summ/Erth      0%         N/A       100%        4
 Petrify                  Tmut/Erth      0%         N/A       100%        4
 Irradiate                Conj/Tmut      0%         3d11      100%        5
 Dispersal                Tloc           0%         N/A       100%        6
 Lehudib's Crystal Spear  Conj/Erth      0%         10d2      100%        8


Dungeon Overview and Level Annotations

Branches:
Dungeon (5/15)
 Temple: D:4-7

Altars:
Ashenzari
Gozag
Kikubaaqudgha
Vehumet
Yredelemnul

Shops:
D:1 ?   D:2 !   D:4 ?   D:5 =


Innate Abilities, Weirdness & Mutations

You sometimes gain a little power by taking damage.
When seriously injured, your blood forms armour. (AC +6)
Your touch may inflict minor irresistible damage on your foes.


Message History

The two-headed ogre attacks as you move away!
The two-headed ogre hits you with a +0 great mace!
The two-headed ogre hits you with a +0 giant club!
Your blood congeals into armour.
Found 5 stones.
The two-headed ogre attacks as you move away!
The two-headed ogre hits you but does no damage.
The two-headed ogre barely misses you.
The two-headed ogre attacks as you move away!
The two-headed ogre hits you with a +0 great mace.
The two-headed ogre hits you but does no damage.
Found a potion of haste.
You feel yourself speed up.
A troll comes into view.
The troll shouts!
The troll bites you but does no damage. The troll barely misses you.
The troll claws you!
You hit the troll. You freeze the troll.
The troll is lightly wounded.
The troll bites you. The troll claws you!
* * * LOW HITPOINT WARNING * * *
The troll claws you but does no damage.
You puncture the troll! You freeze the troll.
You touch the troll!
The troll is heavily wounded.
You puncture the troll! You freeze the troll.
You touch the troll.
You kill the troll!
You swap places.
Something barely misses your troll zombie.
Something hits your troll zombie!!
You feel better. Something hits your troll zombie!!
Something barely misses your troll zombie.
It was a potion of might.
You feel very mighty all of a sudden.
You barely miss the two-headed ogre.
The two-headed ogre hits you with a +0 great mace!
* * * LOW HITPOINT WARNING * * *
The two-headed ogre hits you with a +0 giant club!
You die...
Your body rises from the dead as a mindless zombie.

....♣.Z.....♣...#.##..##
....♣♣♣♣.♣♣♣♣...#.)#..#
###.............##)#..#
###.♣♣♣♣.♣♣♣♣.....)...#
...Z♣....Z..♣.#.......#
.#.Z♣.♣♣.♣♣.♣..#.########
.##...♣...♣....#..#.#.#(##
.##Z♣♣♣Z_.♣♣♣.##.###.#.O.#
.##ZZZZ.......##@.#.####.#
.####.....######O###O#...#
## ####### #..#.##!#.# #
#.#.#####.# ########
#.###...#.#
#......#########..#..#...#
#....#.........##...###.##
#ZZ......############ ###
ZZZ(.#Z..#


You could see a two-headed ogre.

Vanquished Creatures
  A troll (D:5)
  A water moccasin (D:3)
  A black bear (D:3)
  A scorpion (D:4)
  3 iguanas
  12 gnolls
  5 adders
  A worm (D:2)
  A dart slug (D:5)
  8 orcs
  5 bats
  5 endoplasms
  6 giant cockroaches
  7 goblins
  6 hobgoblins
  4 quokkas
  3 ball pythons (D:4)
  6 frilled lizards
  10 kobolds
  4 rats
90 creatures vanquished.

Vanquished Creatures (collateral kills)
  A dart slug (D:4)
  A ball python (D:4)
2 creatures vanquished.

Vanquished Creatures (others)
  A troll zombie (D:5)
  An iguana zombie (D:5)
  3 gnoll zombies (D:5)
  A goblin zombie (D:4)
  2 orc zombies (D:5)
8 creatures vanquished.

Grand Total: 100 creatures vanquished

Notes
Turn   | Place    | Note
-------+----------+-------------------------------------------
     0 | D:1      | ChiefBigBeans the Demonspawn Gladiator began the quest for
                  | the Orb.
     0 | D:1      | Reached XP level 1. HP: 16/16 MP: 1/1
    22 | D:1      | Found a faded altar of an unknown god.
    62 | D:1      | Found Janiozitas's Magic Scroll Emporium.
   118 | D:1      | Gained mutation: When seriously injured, your blood forms
                  | armour. (AC +6) [demonic ancestry]
   118 | D:1      | Reached XP level 2. HP: 21/22 MP: 2/2
   845 | D:2      | Gained mutation: You sometimes gain a little power by
                  | taking damage. [demonic ancestry]
   845 | D:2      | Reached XP level 3. HP: 28/28 MP: 3/3
   866 | D:2      | Reached skill level 1 in Armour
  1282 | D:2      | Found Baclatze's Distillery.
  1580 | D:1      | Bought a scroll of brand weapon for 95 gold pieces
  1712 | D:2      | Gained mutation: Your touch may inflict minor irresistible
                  | damage on your foes. [demonic ancestry]
  1712 | D:2      | Reached XP level 4. HP: 22/34 MP: 4/4
  1763 | D:3      | Noticed a water moccasin
  2072 | D:3      | Found a broken altar of Ashenzari.
  2080 | D:3      | Noticed a black bear
  2092 | D:3      | Killed a black bear
  2093 | D:3      | Reached XP level 5. HP: 20/41 MP: 5/5
  2325 | D:3      | Killed a water moccasin
  2326 | D:3      | Reached XP level 6. HP: 43/48 MP: 6/6
  2890 | D:4      | Found a basalt altar of Yredelemnul.
  2896 | D:4      | Became a worshipper of Yredelemnul the Dark
  3047 | D:4      | Found Exoshrodd's Magic Scroll Shop.
  3056 | D:4      | Reached * piety under Yredelemnul
  3059 | D:4      | Bought a scroll of enchant weapon for 90 gold pieces
  3078 | D:4      | Found a radiant altar of Vehumet.
  3224 | D:4      | Reached ** piety under Yredelemnul
  4019 | D:5      | Entered Level 5 of the Dungeon
  4043 | D:5      | Reached XP level 7. HP: 13/54 MP: 7/7
  4233 | D:5      | Identified the +0 leather armour of the King of the Hill
                  | {rF+}
  4302 | D:5      | Found an ancient bone altar of Kikubaaqudgha.
  4315 | D:5      | Found an opulent altar of Gozag.
  4327 | D:5      | Found Kuxywn's Jewellery Shoppe.
  4425 | D:5      | Noticed a two-headed ogre
  4459 | D:5      | Noticed a troll
  4462 | D:5      | Killed a troll
  4478 | D:5      | Slain by a two-headed ogre

Illustrated notes

Levels and vault maps discovered:
D:1:      dpeg_arrival_refuge, layout_basic, basic_ecumenical_altar,
          serial_shops, shop
D:2:      layout_loops_ring, serial_glass, glass_columns_c, glass_columns_a,
          serial_shops, nicolae_shop_waterfront
D:3:      layout_rooms, ashenzari_altar_1
D:4:      layout_layer_cave, vehumet_crystals, mainiacjoe_overflow_catwalk,
          serial_shops, nicolae_shop_advertising_works
          [nicolae_subvault_shop_adworks]
D:5:      layout_loops_cross, mainiacjoe_overflow_large_starburst, serial_shops,
          shop, minmay_small_thing

Skill      XL: |  1  2  3  4  5  6 |
---------------+-------------------+-----
Polearms       | 3 4 |  4.7
Dodging        | 3 4 |  4.6
Armour         | 1 2 3 |  3.6
Fighting       | 3 4 |  4.6
Throwing       | |  1.9

Action                     |  1- 3 |  4- 6 |  7- 9 || total
---------------------------+-------+-------+-------++-------
  Melee: Trident           |   138 |   116 |    16 ||   270
         Punch             |     1 |     1 |     2 ||     4
         Touch             |       |    12 |     5 ||    17
  Throw: Throwing net      |     1 |     2 |       ||     3
         Javelin           |       |     1 |       ||     1
 Invoke: Dark Bargain      |       |     1 |       ||     1
    Use: Scroll            |     5 |     6 |       ||    11
         Potion            |     1 |     5 |     4 ||    10
   Stab: Sleeping          |     2 |       |       ||     2
         Held in net/web   |       |     1 |       ||     1
 Armour: Leather armour    |    18 |       |       ||    18
         Chain mail        |    34 |    50 |       ||    84
         Storm dragon scal |       |     7 |     7 ||    14
  Dodge: Dodged            |    74 |    43 |     3 ||   120
